 Dungeon Crawl Stone Soup version 0.20-a0-537-g052e6ba (webtiles) character file.

26 M4edhros the Grave Robber (level 3, -7/21 HPs)
             Began as an Octopode Necromancer on Jan 28, 2017.
             Mangled by an orc
             ... wielding a +0 war axe
              (9 damage)
             ... on level 4 of the Dungeon.
             The game lasted 00:04:45 (518 turns).

M4edhros the Grave Robber (Octopode Necromancer)     Turns: 518, Time: 00:04:45

Health: -7/21      AC:  1    Str:  7    XL:     3   Next: 8%
Magic:  4/6        EV: 13    Int: 17    God:
Gold:   47         SH:  0    Dex: 13    Spells: 1/6 levels left

rFire    . . .     SeeInvis .   d - +2 short sword (speed)
rCold    . . .     Gourm    .   (no shield)
rNeg     . . .     Faith    .   (helmet restricted)
rPois    .         Spirit   .   (no amulet)
rElec    .         Reflect  .   (no ring)
rCorr    .         Harm     .   (no ring)
MR       .....                  (no ring)
Stlth    +++.......             (no ring)
Regen    0.1/turn               (no ring)
                                (no ring)
                                (no ring)
                                (no ring)

@: no status effects
A: almost no armour, stealthy swim, amphibious, 8 rings, constrict 8, camouflage
1, gelatinous body 1
a: no special abilities


You were on level 4 of the Dungeon.
You were not hungry.

You visited 1 branch of the dungeon, and saw 4 of its levels.

You collected 47 gold pieces.

Inventory:

Hand Weapons
 c - a +0 short sword
 d - a +2 short sword of speed (weapon)
Wands
 f - a wand of paralysis (3/24)
Books
 a - a book of Necromancy

   Spells                             Type                      Level
   a - Pain                           Necromancy                   1
   b - Animate Skeleton               Necromancy                   1
   c - Vampiric Draining              Necromancy                   3
   d - Regeneration                   Charms/Necromancy            3
   e - Animate Dead                   Necromancy                   4
   f - Control Undead                 Necromancy                   4
Comestibles
 b - 2 bread rations
 g - a meat ration


   Skills:
 - Level 2.0 Dodging
 - Level 2.6 Stealth
 + Level 2.6 Unarmed Combat
 - Level 2.0 Spellcasting
 - Level 4.0 Necromancy


You had one spell level left.
You knew the following spells:

 Your Spells              Type           Power        Failure   Level  Hunger
a - Pain                  Necr           ###.         3%          1    #......
b - Animate Skeleton      Necr           N/A          3%          1    #......
c - Regeneration          Chrm/Necr      #.........   24%         3    ###....


Dungeon Overview and Level Annotations

Branches:
Dungeon (4/15)
 Temple: D:4-7

Altars:

Annotations:
D:3 Execuda's ghost, amateur DsCK


Innate Abilities, Weirdness & Mutations

You cannot wear most types of armour.
You are very stealthy in the water. (Stealth+)
You are amphibious.
You can wear up to eight rings at the same time.
You can use your tentacles to constrict eight enemies at once.
Your skin changes colour to match your surroundings (Stealth+).
Your rubbery body absorbs attacks. (AC +1, EV +1)


Message History

There is a stone staircase leading down here.
The orc misses you.
You climb downwards.
An adder and a scorpion come into view.
Found a scroll labeled CIYCSA MEMM.
Found two stone staircases leading down.
There is a stone staircase leading up here.
It was a potion of cancellation.
You feel magically purged.
The adder hisses angrily.
The orc hits you with a war axe.
* * * LOW HITPOINT WARNING * * *
The orc barely misses you.
Okay, then.
Evoke which item? (* to show all) (? for menu, Esc to quit)
Okay, then.
A quokka comes into view.
The orc misses you.
Found a scroll labeled CODODGH JEHIMU.
The orc hits you with a war axe!
You die...

#### # ##...## ....
#####.......
.....###..s........
...?...@o..........
......#So...>......
..... ##...........
...# #..........r
## #.>......?..
#.<.........
##..........
#.........#
##........#


You could see a scorpion (sleeping), an adder and 2 orcs.

Vanquished Creatures
  An adder (D:2)
  An orc (D:3)
  4 goblins
  2 hobgoblins (D:2)
  2 kobolds (D:2)
  3 quokkas
  2 bats
  A frilled lizard (D:2)
  2 rats (D:2)
18 creatures vanquished.

Notes
Turn   | Place    | Note
-------+----------+-------------------------------------------
     0 | D:1      | M4edhros the Octopode Necromancer began the quest for the Orb.
     0 | D:1      | Reached XP level 1. HP: 11/11 MP: 3/3
    66 | D:2      | Reached skill level 1 in Unarmed Combat
    81 | D:2      | Reached XP level 2. HP: 3/17 MP: 5/5
    90 | D:2      | Learned a level 1 spell: Animate Skeleton
   138 | D:3      | Noticed Execuda's ghost (amateur DsCK)
   355 | D:3      | Reached XP level 3. HP: 1/21 MP: 3/6
   360 | D:3      | Learned a level 3 spell: Regeneration
   511 | D:4      | Noticed a scorpion
   512 | D:4      | HP: 1/21 [orc/war axe (3)]
   518 | D:4      | Mangled by an orc

Vault maps used:
D:1:      minmay_arrival_up_and_down
D:2:      ashenzari_conservatory_becter, minmay_fountain_box, fountainhead
D:3:      nicolae_ru_path_of_blood, chequers_ecumenical_altar_island
D:4:      corexii_shack_village, kennysheep_mini_moat

Skill      XL: |  1  2 |
---------------+-------+-----
Unarmed Combat | 1 2 |  2.6
Dodging        | |  2.0
Stealth        | |  2.6
Spellcasting   | |  2.0
Necromancy     | |  4.0

Action                   || total
-------------------------++-------
Melee: Short sword       ||    31
       Constrict         ||    10
       Tentacles         ||     5
 Cast: Pain              ||     9
       Animate Skeleton  ||     5
       Regeneration      ||     2
  Use: Scroll            ||     1
       Potion            ||     1
 Stab: Sleeping          ||     1
Armor: Skin              ||     1
Dodge: Dodged            ||    19
